 Seeded DCSS version 0.27-a0-836-gfc908b8576 (webtiles) character file.

Game seed: 20210401 (custom seed)

28547 Snicker the Slicer (level 13, -60/98 (105) HPs)
             Began as a Demonspawn Brigand on Apr 1, 2021.
             Killed from afar by an ancient lich (92 damage)
             ... with a crystal spear
             ... on level 2 of the Abyss.
             The game lasted 00:47:48 (21218 turns).

Snicker the Slicer (Demonspawn Brigand)            Turns: 21218, Time: 00:47:48

HP:   -60/98 (105)  AC: 24    Str: 20    XL:     13   Next: 10%
MP:   13/13         EV: 17    Int: 16    God:
Gold: 263           SH:  5    Dex: 17    Spells: 9/12 levels left

rFire    + . .     SeeInvis .   c - +6 battleaxe "Mauf Zomonk" {speed, Str+8 Int+3}
rCold    . . .     Faith    .   (shield currently unavailable)
rNeg     + . .     Spirit   .   m - +7 scale mail of Leaves {Rampage rN+ Int-3}
rPois    .         Reflect  +   (no helmet)
rElec    .         Harm     .   u - +2 cloak
rCorr    .         Rampage  +   (no gloves)
Will     .....                  C - +2 pair of boots {rampage}
Stlth    +++.......             U - amulet of Mulanlobb {Reflect +Blink rF+ Int+3 SH+5}
HPRegen  0.26/turn              E - ring of flight
MPRegen  0.13/turn              N - +4 ring of evasion

@: flying, drained
A: claws 2, icy blue scales 1, foul stench 3, spiny 2, dopey 1, robust 1,
MP-powered wands
a: Evoke Blink


You were on level 2 of the Abyss.
You visited 3 branches of the dungeon, and saw 14 of its levels.
You visited the Abyss 1 time.
You also visited: Bailey.

You collected 1007 gold pieces.
You spent 744 gold pieces at shops.

Inventory:

Hand Weapons
 a - a +4 dagger of venom
 b - a +4 quarterstaff of chaos
 c - the +6 battleaxe "Mauf Zomonk" (weapon) {speed, Str+8 Int+3}
   (You found it on level 9 of the Dungeon)

   Attacks with this weapon are significantly faster.
   It affects your strength (+8).
   It affects your intelligence (+3).
 s - a +2 dagger
Missiles
 d - 22 poisoned darts
 e - 8 curare-tipped darts (quivered)
 f - 18 boomerangs
 q - a throwing net
 w - 5 datura-tipped darts
Armour
 l - a +0 leather armour
 m - the +7 scale mail of Leaves (worn) {Rampage rN+ Int-3}
   (You found it on level 6 of the Dungeon)

   It affects your intelligence (-3).
   It protects you from negative energy.
   It bestows one free step when moving towards enemies.
 n - a +0 robe
 u - a +2 cloak (worn)
 C - a +2 pair of boots of rampaging (worn)
 Q - a +0 cloak
Jewellery
 g - an amulet of guardian spirit
 k - a ring of positive energy
 A - an amulet of magic regeneration
 E - a ring of flight (left claw)
 N - a +4 ring of evasion (right claw)
 P - a ring of protection from fire
 R - a ring of fire
 S - a ring of fire
 U - the amulet of Mulanlobb (around neck) {Reflect +Blink rF+ Int+3 SH+5}
   (You bought it in a shop on level 3 of the Dungeon)

   [amulet of reflection]

   It reflects blocked missile attacks.
   It affects your intelligence (+3).
   It protects you from fire.
   It lets you blink.
   It affects your SH (+5).
 V - a ring of poison resistance
Wands
 o - a wand of random effects (10)
 v - a wand of digging (5)
 x - a wand of paralysis (22)
 y - a wand of polymorph (18)
 z - a wand of iceblast (10)
 G - a wand of acid (14)
Scrolls
 h - 2 scrolls of amnesia
 i - 8 scrolls of identify
 r - 5 scrolls of teleportation
 B - 2 scrolls of enchant armour
 I - a scroll of immolation {unknown}
 J - a scroll of noise {unknown}
 O - 2 scrolls of blinking
 T - 3 scrolls of enchant weapon
Potions
 p - a potion of haste
 t - a potion of invisibility {unknown}
 D - 4 potions of brilliance
 F - a potion of berserk rage
 K - 2 potions of curing
 L - a potion of ambrosia {unknown}
 M - 2 potions of magic {unknown}
Miscellaneous
 j - a condenser vane


   Skills:
 + Level 7.3 Fighting
 + Level 9.8 Short Blades
 * Level 7.7 Axes
 + Level 4.6 Staves
 + Level 2.2 Throwing
 + Level 9.1 Armour
 + Level 6.2 Dodging
 + Level 9.8 Stealth
 + Level 1.8 Shields
 + Level 0.7 Unarmed Combat
 * Level 4.4 Evocations


You had 9 spell levels left.
You knew the following spells:

 Your Spells              Type           Power      Damage    Failure   Level
a - Dazzling Flash        Conj/Hex       0%         N/A       88%         3

Your spell library contained the following spells:

 Spells                   Type           Power      Damage    Failure   Level
 Animate Skeleton         Necr           0%         N/A       52%         1
 Apportation              Tloc           0%         N/A       52%         1
 Corona                   Hex            0%         N/A       52%         1
 Freeze                   Ice            0%         1d3       52%         1
 Magic Dart               Conj           0%         1d3       52%         1
 Pain                     Necr           0%         1d4       52%         1
 Sting                    Tmut/Pois      0%         1d3       52%         1
 Summon Small Mammal      Summ           0%         N/A       52%         1
 Poisonous Vapours        Pois/Air       0%         N/A       67%         2
 Searing Ray              Conj           0%         3d3       67%         2
 Frozen Ramparts          Ice            0%         1d2       88%         3
 Ignite Poison            Fire/Tmut/Pois 0%         N/A       88%         3
 Mephitic Cloud           Conj/Pois/Air  0%         N/A       88%         3
 Ozocubu's Armour         Ice            0%         N/A       88%         3
 Vampiric Draining        Necr           0%         2d6       88%         3
 Animate Dead             Necr           0%         N/A       99%         4
 Fulminant Prism          Conj/Hex       0%         3d6       99%         4
 Hailstorm                Conj/Ice       0%         3d3       99%         4
 Iskenderun's Mystic Bla  Conj/Tloc      0%         2d3       99%         4
 Olgreb's Toxic Radiance  Pois           0%         N/A       99%         4
 Summon Ice Beast         Ice/Summ       0%         N/A       99%         4
 Agony                    Necr           0%         N/A       100%        5


Dungeon Overview and Level Annotations

Branches:
Dungeon (12/15)            Temple (1/1) D:7            Lair (0/6) D:8
    Orc (1/2) D:12         Bailey (visited)

Altars:
Ashenzari
Cheibriados
Dithmenos
Elyvilon
Fedhas
Gozag
Hepliaklqana
Kikubaaqudgha
Makhleb
Nemelex Xobeh
Okawaru
Qazlal
Ru
Sif Muna
Trog
Uskayaw
Vehumet
Wu Jian
Xom
Yredelemnul
Zin
The Shining One

Shops:
D:3 [:=(=   D:4 !   D:6 =

Annotations:
D:7 2 runed translucent doors, slughead422's ghost, novice MiBe
Orc:1 2 runed translucent doors, Erolcha; RubberyChicken's ghost, journeyman MiAK


Innate Abilities, Weirdness & Mutations

You have very sharp fingernails.
You are partially covered in icy blue scales. (AC +2)
You frequently emit foul miasma when damaged in melee.
You are mostly covered in sharp spines.
You are dopey. (Int -2)
You are robust. (+10% HP)
You expend magic power (3 MP) to strengthen your wands.


Message History

You miss something.
Something touches you but does no damage. x2
You barely miss something.
You hear some strange, mumbled words.
You are slowing down.
Unknown command.
Unknown command.
Unknown command.
Unknown command.
You hit something. Something touches you! You partially resist.
You feel drained.
You emit a cloud of foul miasma!
Something touches you but does no damage.
Your limbs are stiffening.
You completely miss something.
Something touches you but does no damage. x2
You have turned to stone.
Something touches you.
Something touches you but does no damage.
You hear some strange, mumbled words.
Something touches you but does no damage. x2
Something touches you but does no damage.
Something touches you.
Something touches you but does no damage.
Something touches you!
You emit a cloud of foul miasma!
You are no longer corroded.
You hear some strange, mumbled words. x2
Something touches you but does no damage.
Something touches you! x2
Something touches you.
You turn to flesh and can move again.
You miss something.
You hear some strange, mumbled words.
A bolt of acid appears from out of thin air!
The bolt of acid misses you.
You slash something!
You hear some strange, mumbled words.
A crystal spear appears from out of thin air!
The crystal spear hits you!!!!
Ouch! That really hurt!
You die...

... . # . ####.# ##
###.#. .. . #.
....# .. . # # #..#
..#..# ..#
....#..#..# ..... .
#......###...# . #.
# # #@..#.. # #
$.......{..........
.#.#..#............
#.............. . .
###..#......... . #
#.#.###.....(.
....#
#.....#.#.....∩ .
.. #... ......#.. .
. [.. . ... .....#


There were no monsters in sight!

Vanquished Creatures
  4 hydras (D:11)
  3 boulder beetles
  5 two-headed ogres (D:11)
  2 ugly things (D:11)
  A manticore (D:11)
  2 cyclopes
  An elephant (D:8)
  3 centaur zombies (D:11)
  A gargoyle (D:12)
  Maurice (D:11)
  Joseph (D:7)
  A komodo dragon (D:11)
  An unseen horror (D:11)
  2 kobold demonologists
  6 trolls
  3 meliai (D:10)
  A hornet (D:8)
  26 yaks
  4 shadows
  A vampire (D:11)
  3 wraiths
  A wyvern (D:7)
  A fire bat (D:12)
  2 steam dragons (D:9)
  4 vampire mosquitoes
  4 wargs (Orc:1)
  A two-headed ogre zombie (D:12)
  A water moccasin (D:6)
  2 acid dragons
  Duvessa (D:4)
  3 ice beasts
  A necrophage (D:6)
  17 orc warriors
  2 black bears
  2 sky beasts
  17 centaurs
  5 ogres
  2 phantoms
  2 kobold brigands (D:6)
  3 bullfrogs
  2 gnoll sergeants
  2 scorpions
  Dowan (D:4)
  2 water moccasin skeletons (D:6)
  3 troll zombies (D:12)
  5 killer bees (D:9)
  A bullfrog zombie (D:5)
  2 jellies
  Crazy Yiuf (D:2)
  2 hounds
  A bullfrog skeleton (D:6)
  3 orc priests
  A centaur skeleton (D:5)
  5 iguanas
  5 orc wizards
  4 ogre zombies (D:12)
  A hound skeleton (D:5)
  2 howler monkey zombies
  8 gnolls
  2 howler monkey skeletons
  6 adders
  2 shadow imps
  4 white imps
  An ufetubus (D:6)
  2 worms
  A dart slug (D:2)
  52 orcs
  4 bats
  5 endoplasms
  A giant cockroach (D:2)
  10 goblins
  2 hobgoblins
  13 jackals
  5 quokkas
  7 ball pythons
  4 frilled lizards
  A goblin skeleton (D:12)
  4 goblin zombies (D:12)
  2 hobgoblin skeletons (D:12)
  A hobgoblin zombie (D:12)
  12 kobolds
  2 orc skeletons (D:12)
  15 orc zombies (D:12)
  5 rats
357 creatures vanquished.

Vanquished Creatures (others)
  An adder (D:6)
  2 orcs
  8 fungi (D:6)
  6 plants
17 creatures vanquished.

Grand Total: 374 creatures vanquished

Notes
Turn   | Place    | Note
-------+----------+-------------------------------------------
     0 | D:1      | Snicker the Demonspawn Brigand began the quest for the Orb.
     0 | D:1      | Reached XP level 1. HP: 16/16 MP: 1/1
   320 | D:1      | Gained mutation: You are partially covered in icy blue
                  | scales. (AC +2) [demonic ancestry]
   320 | D:1      | Reached XP level 2. HP: 12/22 MP: 2/2
  1307 | D:2      | Reached XP level 3. HP: 27/27 MP: 3/3
  1533 | D:2      | Found a runed translucent door.
  1534 | D:2      | Noticed Crazy Yiuf
  1545 | D:2      | Killed Crazy Yiuf
  1546 | D:2      | Reached skill level 1 in Dodging
  1853 | D:2      | Gained mutation: You have sharp fingernails. [demonic
                  | ancestry]
  1853 | D:2      | Reached XP level 4. HP: 33/33 MP: 4/4
  1927 | D:2      | Found a stormy altar of Qazlal.
  2452 | D:3      | Found Weekk's Jewellery Emporium.
  2553 | D:3      | Found Zeamil's Antique Weapon Boutique.
  2560 | D:3      | Found Jenusou's Jewellery Shoppe.
  2579 | D:3      | Found Daeguih's Book Emporium.
  2706 | D:3      | Reached skill level 5 in Stealth
  2970 | D:3      | Found Unuvosuh's Armour Shoppe.
  3029 | D:3      | Gained mutation: You may rarely emit foul miasma when
                  | damaged in melee. [demonic ancestry]
  3029 | D:3      | Reached XP level 5. HP: 36/38 MP: 5/5
  3468 | D:4      | Noticed an ogre
  3475 | D:4      | Killed an ogre
  3579 | D:4      | Noticed Duvessa
  3583 | D:4      | Reached skill level 1 in Armour
  3600 | D:4      | Noticed Dowan
  3614 | D:4      | Killed Duvessa
  3615 | D:4      | Gained mutation: You sometimes emit foul miasma when
                  | damaged in melee. [demonic ancestry]
  3615 | D:4      | Reached XP level 6. HP: 46/46 MP: 6/6
  3639 | D:4      | Killed Dowan
  3813 | D:4      | Noticed a sky beast
  3850 | D:4      | Killed a sky beast
  4406 | D:4      | Reached XP level 7. HP: 46/51 MP: 7/7
  4480 | D:4      | Found Feroh's Distillery.
  4904 | D:5      | Entered Level 5 of the Dungeon
  5205 | D:5      | Learned a level 3 spell: Dazzling Flash
  5235 | D:5      | Found an ancient bone altar of Kikubaaqudgha.
  5401 | D:5      | Reached skill level 5 in Short Blades
  5401 | D:5      | Gained mutation: You frequently emit foul miasma when
                  | damaged in melee. [demonic ancestry]
  5401 | D:5      | Reached XP level 8. HP: 58/58 MP: 8/8
  5434 | D:5      | Reached skill level 1 in Staves
  6196 | D:6      | Identified the +7 scale mail of Leaves {Rampage rN+ Int-3}
  6225 | D:6      | Found a shimmering blue altar of Sif Muna.
  7568 | D:6      | Found a blossoming altar of Fedhas.
  7856 | D:6      | Reached XP level 9. HP: 12/65 MP: 9/9
  7867 | D:6      | Gained mutation: You are dopey. (Int -2) [potion of
                  | mutation]
  7867 | D:6      | Gained mutation: You expend magic power (3 MP) to
                  | strengthen your wands. [potion of mutation]
  7867 | D:6      | Gained mutation: You are robust. (+10% HP) [potion of
                  | mutation]
  8902 | D:7      | Noticed Joseph
  8918 | D:7      | Killed Joseph
  8919 | D:7      | Reached skill level 5 in Armour
  8919 | D:7      | Found a sparkling altar of Nemelex Xobeh.
  9132 | D:7      | Found a flagged portal.
  9157 | Bailey   | Entered a bailey
  9414 | Bailey   | Reached skill level 1 in Evocations
 10425 | Bailey   | Gained mutation: You are partially covered in sharp spines.
                  | [demonic ancestry]
 10425 | Bailey   | Reached XP level 10. HP: 13/80 MP: 0/10
 11146 | D:7      | Reached skill level 5 in Fighting
 11291 | D:7      | Found a staircase to the Ecumenical Temple.
 11316 | D:7      | Found a large runed translucent door.
 11318 | D:7      | Found a large runed translucent door.
 11320 | D:7      | Noticed slughead422's ghost (novice MiBe)
 11400 | Temple   | Entered the Ecumenical Temple
 11599 | D:7      | Found an opulent altar of Gozag.
 11705 | D:7      | Found a sparkling altar of Nemelex Xobeh.
 12427 | D:6      | Found Gong's Jewellery Emporium.
 13133 | D:8      | Noticed an elephant
 13134 | D:8      | Found a staircase to the Lair.
 13278 | D:9      | Noticed a cyclops
 13381 | D:8      | Killed an elephant
 14100 | D:9      | Killed a cyclops
 14101 | D:9      | Reached skill level 5 in Dodging
 14109 | D:9      | Reached XP level 11. HP: 41/89 MP: 6/11
 14738 | D:9      | You are sucked into a shaft and drop 3 floors!
 14769 | D:12     | Noticed a boulder beetle
 14797 | D:12     | Killed a boulder beetle
 15031 | D:12     | Noticed a sixfirhy
 15452 | D:12     | Noticed Maurice
 15456 | D:12     | Paralysed by something for 2 turns
 15471 | D:11     | Paralysed by something for 6 turns
 15480 | D:11     | Paralysed by Maurice for 4 turns
 15486 | D:11     | Killed Maurice
 15495 | D:10     | Entered Level 10 of the Dungeon
 16053 | D:10     | Found a hide-covered altar of Uskayaw.
 16827 | D:9      | Identified the +6 battleaxe "Mauf Zomonk" {speed, Str+8
                  | Int+3}
 17052 | D:11     | Noticed a boulder beetle
 17057 | D:11     | Killed a boulder beetle
 17064 | D:11     | Reached skill level 1 in Axes
 17307 | D:11     | Noticed a two-headed ogre
 17319 | D:11     | Killed a two-headed ogre
 17562 | D:11     | Gained mutation: You have very sharp fingernails. [demonic
                  | ancestry]
 17562 | D:11     | Reached XP level 12. HP: 96/97 MP: 12/12
 17700 | D:3      | Bought the amulet of Mulanlobb {Reflect +Blink rF+ Int+3
                  | SH+5} for 744 gold pieces
 18160 | D:11     | Noticed a two-headed ogre
 18161 | D:11     | Noticed a six-headed hydra
 18162 | D:11     | Noticed a five-headed hydra
 18178 | D:11     | Killed a two-headed ogre
 18211 | D:11     | Killed a five-headed hydra
 18212 | D:11     | Killed a six-headed hydra
 18213 | D:11     | Reached skill level 5 in Axes
 18928 | D:11     | Noticed a two-headed ogre
 18957 | D:11     | Killed a two-headed ogre
 18958 | D:11     | Reached skill level 1 in Shields
 19036 | D:11     | Noticed a five-headed hydra
 19044 | D:11     | Killed a five-headed hydra
 19065 | D:11     | Noticed a five-headed hydra
 19080 | D:11     | Killed a five-headed hydra
 19097 | D:11     | Noticed a two-headed ogre
 19149 | D:11     | Killed a two-headed ogre
 19358 | D:11     | Noticed a boulder beetle
 19370 | D:11     | Noticed a two-headed ogre
 19381 | D:11     | Killed a boulder beetle
 19434 | D:11     | Killed a two-headed ogre
 20031 | D:12     | Found a staircase to the Orcish Mines.
 20063 | D:12     | Gained mutation: You are mostly covered in sharp spines.
                  | [demonic ancestry]
 20063 | D:12     | Reached XP level 13. HP: 76/105 MP: 13/13
 20716 | Orc:1    | Entered Level 1 of the Orcish Mines
 20732 | Orc:1    | Found a large runed translucent door.
 20732 | Orc:1    | Found a large runed translucent door.
 20758 | Orc:1    | Noticed RubberyChicken's ghost (journeyman MiAK)
 21164 | Orc:1    | Noticed Erolcha
 21167 | Orc:1    | Cast into level 2 of the Abyss (Erolcha)
 21181 | Abyss:2  | Noticed an ancient lich
 21218 | Abyss:2  | Killed from afar by an ancient lich

Illustrated notes

Levels and vault maps discovered:
D:1:      dpeg_arrival_round_c, layout_basic
D:2:      minmay_chambers_of_ones, layout_rooms,
          nicolae_qazlal_eye_of_the_storm, serial_curves, eino_curves_03,
          eino_curves_04, eino_curves_02, uniq_crazy_yiuf_cottage
D:3:      layout_basic, serial_shops, shop, nicolae_shop_trees, shop, shop,
          shop, minmay_misc_feat_doors
D:4:      cheibrodos_helix_gallery, layout_basic, serial_shops,
          nicolae_shop_behind_doors, uniq_duvessa
D:5:      layout_gridville, kiku_gazebo_garden_becter
D:6:      minmay_chambers_of_threes, layout_layer_cave, kennysheep_mini_moat,
          serial_shops, shop, fedhas_altar_3
D:7:      layout_loops_ring, old_standard_altar, old_standard_altar,
          lemuel_coloured_pillars_altar, minmay_temple_entry_waves,
          ebering_ghost_disaster_area, enter_bailey_5, basic_altar, uniq_joseph
D:8:      layout_loops_cross, elyvilon_altar_3, david_lair_generic
D:9:      minmay_weird_star, layout_loops_ring, minmay_sticks_and_stones
D:10:     layout_roguey, basic_altar
D:11:     minmay_quarter_circles, layout_long_grid
D:12:     layout_layer_cave, zombieorc2_lemuel, uniq_maurice
Temple:   regret_index_temple_waves
Orc:1:    layout_caves, ebering_ghost_disaster_area, uniq_erolcha
Abyss:2:  base:
D:7

Skill      XL: |  1  2  3  4  5  6  7  8  9 10 11 12 |
---------------+-------------------------------------+-----
Short Blades   | 2 3 4 5 6 8 9 |  9.8
Stealth        | 4 5 6 7 8 9 |  9.8
Dodging        | 1 2 3 4 5 6 |  6.2
Armour         | 1 2 4 5 7 8 9 |  9.1
Throwing       | 2 |  2.2
Fighting       | 3 4 5 6 7 |  7.3
Staves         | 2 3 4 |  4.6
Evocations     | 1 4 |  4.4
Axes           | 2 7 |  7.7
Shields        | 1 |  1.8
Unarmed Combat | |  0.7

Action                   |  1- 3 |  4- 6 |  7- 9 | 10-12 | 13-15 || total
-------------------------+-------+-------+-------+-------+-------++-------
Melee: Dagger            |    80 |   153 |   462 |   544 |     5 ||  1244
       Quarterstaff      |       |     3 |    63 |    52 |       ||   118
       Unarmed           |       |    10 |       |       |       ||    10
       Battleaxe         |       |       |       |   128 |   104 ||   232
       Punch             |       |       |       |     6 |       ||     6
Throw: Dart              |     1 |     5 |     3 |     7 |       ||    16
Evoke: Wand              |       |       |     7 |     4 |       ||    11
  Use: Scroll            |       |       |     6 |     5 |       ||    11
       Potion            |       |       |     7 |     5 |     1 ||    13
 Stab: Sleeping          |     3 |     8 |     7 |     9 |     2 ||    29
       Paralysed         |       |       |       |     1 |       ||     1
       Distracted        |       |       |       |     1 |     3 ||     4
       Confused          |       |       |       |     1 |       ||     1
Armor: Robe              |    21 |       |       |       |       ||    21
       Leather armour    |     2 |    48 |    48 |       |       ||    98
       Skin              |       |     3 |     7 |       |       ||    10
       Scale mail        |       |       |   255 |   341 |    38 ||   634
Dodge: Dodged            |    49 |    87 |   286 |   383 |    53 ||   858
Block: Other             |       |       |       |    51 |    16 ||    67
       Reflection        |       |       |       |     2 |       ||     2

Table legend: (Time is in decaauts)
 A = Elapsed time spent in this place.
 B = Non-inter-level travel time spent in this place.
 C = Inter-level travel time spent in this place.
 D = Time resting spent in this place.
 E = Time spent auto-exploring this place.
 F = Levels seen in this place.
 G = Mean time per level.
                   A        B        C        D        E       F      G
               +--------+--------+--------+--------+--------+-----+--------+
         Total |  20841 |  19873 |    968 |   4632 |  11876 |  16 | 1302.6 |
       Dungeon |  18443 |  17509 |    934 |   3706 |  11112 |  12 | 1536.9 |
        Temple |    133 |    101 |     32 |      0 |    101 |   1 |  133.0 |
  Orcish Mines |    444 |    444 |      0 |      0 |    339 |   1 |  444.0 |
         Abyss |     50 |     50 |      0 |      0 |     13 |   1 |   50.0 |
        Bailey |   1769 |   1769 |      0 |    926 |    311 |   1 | 1769.0 |
               +--------+--------+--------+--------+--------+-----+--------+

Top non-repeatable levels by time:
     D:6: 3339 daAuts
    D:11: 2611 daAuts
  Bailey: 1769 daAuts
     D:9: 1563 daAuts
     D:7: 1552 daAuts
     D:4: 1471 daAuts
    D:12: 1445 daAuts
     D:2: 1305 daAuts
     D:8: 1215 daAuts
     D:1: 1121 daAuts
     D:3: 1016 daAuts
     D:5: 986 daAuts
    D:10: 813 daAuts
   Orc:1: 444 daAuts
  Temple: 133 daAuts
